 Dungeon Crawl Stone Soup version 0.24.0-13-gcf9b3192b9 (webtiles) character file.

Game seed: 1750580750323827617, levelgen mode: deterministic

2986 Gumption the Reanimator (level 9, -2/68 HPs)
             Began as a Deep Dwarf Necromancer on Nov 9, 2019.
             Was a Believer of Makhleb.
             Killed from afar by an orc wizard (3 damage)
             ... with a puff of frost
             ... on level 8 of the Dungeon.
             The game lasted 01:26:42 (10102 turns).

Gumption the Reanimator (Deep Dwarf Necromancer)   Turns: 10102, Time: 01:26:43

Health: -2/68      AC:  6    Str: 13    XL:     9   Next: 53%
Magic:  1/16       EV: 13    Int: 18    God:    Makhleb [**....]
Gold:   387        SH:  0    Dex: 13    Spells: 8/17 levels left

rFire    . . .     SeeInvis +   a - staff of death
rCold    . . .     Gourm    .   (no shield)
rNeg     + + +     Faith    .   m - +0 ring mail
rPois    .         Spirit   .   (no helmet)
rElec    .         Reflect  .   k - +0 cloak
rCorr    +         Harm     .   (no gloves)
MR       +....                  (no boots)
Stlth    ++........             (no amulet)
HPRegen  0.00/turn              r - ring "Jant" {+Fly rC- rN++ rCorr SInv}
MPRegen  0.15/turn              v - ring of protection from cold

@: non-regenerating
A: damage resistance, heal wounds, sense surroundings 2, no regeneration
a: Heal Wounds, Minor Destruction, Renounce Religion, Evoke Flight


You were on level 8 of the Dungeon.
You worshipped Makhleb.
Makhleb was pleased with you.
You were hungry.

You visited 2 branches of the dungeon, and saw 9 of its levels.

You collected 387 gold pieces.

Inventory:

Hand Weapons
 i - a +1 whip of venom
 w - a +2 falchion of protection
 I - the +10 hand axe of Iri Noed {holy, rN+, unknown}
   (You found it on level 7 of the Dungeon)

   It has been blessed by the Shining One to cause great damage to the undead
   and demons.
   It protects you from negative energy.
 K - a +2 glaive of venom
Missiles
 d - 233 stones
 n - 10 boomerangs (quivered)
 y - 13 poisoned darts
Armour
 g - a +0 robe
 k - a +0 cloak (worn)
 m - a +0 ring mail (worn)
 u - a +0 chain mail
Magical Staves
 a - an uncursed staff of death (weapon)
Jewellery
 r - the ring "Jant" (left hand) {+Fly rC- rN++ rCorr SInv}
   (You found it on level 5 of the Dungeon)

   [ring of resist corrosion]

   It makes you vulnerable to cold.
   It greatly protects you from negative energy.
   It lets you see invisible.
   It lets you fly.
   It provides partial protection from all sources of acid and corrosion.
 v - a ring of protection from cold (right hand)
 D - an uncursed ring of poison resistance
 F - a +5 amulet of reflection {unknown}
Wands
 G - a wand of random effects (22)
 H - a wand of enslavement (5)
 J - a wand of flame (16)
Scrolls
 h - 4 scrolls of remove curse
 s - a scroll of amnesia
 E - a scroll of immolation
 M - a scroll of magic mapping
Potions
 b - a potion of degeneration {unknown}
 c - 2 potions of ambrosia
 f - 2 potions of lignification
 j - a potion of heal wounds {unknown}
 l - 3 potions of cancellation {unknown}
 o - 2 potions of agility
 p - 2 potions of mutation {unknown}
 q - 2 potions of magic {unknown}
 t - 4 potions of resistance
 x - 3 potions of curing
 z - 2 potions of haste {unknown}
 A - 2 potions of flight {unknown}
 C - a potion of brilliance {unknown}
Comestibles
 e - 16 rations


   Skills:
 + Level 3.8 Staves
 + Level 3.3 Armour
 - Level 5.0 Dodging
 - Level 4.1 Stealth
 + Level 4.7 Spellcasting
 - Level 9.0 Necromancy
 + Level 5.9 Invocations
 + Level 5.6 Evocations


You had 8 spell levels left.
You knew the following spells:

 Your Spells              Type           Power        Failure   Level  Hunger
a - Pain                  Necr           ####         1%          1    None
b - Animate Skeleton      Necr           N/A          1%          1    None
c - Vampiric Draining     Necr           ######....   1%          3    ###....
d - Animate Dead          Necr           N/A          7%          4    ####...

Your spell library contained the following spells:

 Spells                   Type           Power        Failure   Level  Hunger
 Regeneration             Chrm/Necr      Unusable     N/A         3    N/A

Dungeon Overview and Level Annotations

Branches:
Dungeon (8/15)             Temple (1/1) D:6
   Lair: D:8-11

Altars:
Cheibriados
Dithmenos
Elyvilon
Fedhas
Gozag
Hepliaklqana
Kikubaaqudgha
Makhleb
Nemelex Xobeh
Okawaru
Qazlal
Ru
Trog
Vehumet
Wu Jian
Xom
Yredelemnul
Zin
The Shining One

Annotations:
D:7 exclusion: downstairs


Innate Abilities, Weirdness & Mutations

You are resistant to damage.
You can heal yourself by infusing magical energy.
You passively map the area around you.
You do not regenerate.


Message History

The orc warrior is severely wounded.
The orc warrior hits you with a +0 trident of freezing!
* * * LOW HITPOINT WARNING * * *
The orc warrior freezes you!
* * * LOW HITPOINT WARNING * * *
The orc wizard hits you with a +0 dagger.
* * * LOW HITPOINT WARNING * * *
You barely miss the orc warrior.
The orc warrior is severely wounded.
The orc wizard barely misses you. The orc barely misses you.
The orc warrior closely misses you. The orc wizard closely misses you.
Evoke which item? (* to show all) (? for menu, Esc to quit)
Aiming: Enslavement
Press: ? - help, Shift-Dir - straight line, f/p - orc warrior
Aim: an orc warrior, wielding a +0 trident of freezing and wearing a +0 chain mail (severely wounded, chance to defeat MR: 62%)
The orc warrior resists with significant effort.
The orc hits you but does no damage.
The orc wizard gestures at you while chanting.
The puff of frost hits you.
You die...

#......##.....##........
#......#................
##......#......##........
#.......#......##........
#.......#......##........
#.......#......##........
#.###..........##........
#......oo......##########
#......o@>...(..... ,
#.########o.#######*
#...........# *
#.#########.# *
##..........# *
#o########## , , #.# ,, *
* #o####### ,
##o..(...###*** , , ,


You could see an orc warrior, an orc wizard and 2 orcs.

Vanquished Creatures
  A spriggan (D:7)
  A hungry ghost (D:7)
  Edmund (D:6)
  4 ice beasts
  An orc warrior (D:7)
  A sky beast (D:6)
  A necrophage (D:6)
  An ogre (D:5)
  A phantom (D:6)
  A centaur (D:5)
  A bullfrog (D:7)
  A scorpion (D:5)
  6 killer bees (D:7)
  5 howler monkeys
  A crimson imp (D:7)
  3 hounds
  A centaur zombie (D:4)
  4 jellies
  2 orc priests
  2 bullfrog skeletons
  A centaur skeleton (D:6)
  6 orc wizards
  An iguana (D:6)
  Natasha (thrice) (D:4)
  5 worker ants
  2 hound zombies
  A worker ant zombie (D:6)
  7 gnolls
  5 adders
  A shadow imp (D:3)
  An ooze (D:3)
  3 adder skeletons
  2 worms
  A dart slug (D:1)
  A leopard gecko (D:2)
  18 orcs
  6 bats
  4 giant cockroaches
  6 goblins
  5 hobgoblins
  4 jackals (D:8)
  4 quokkas
  A ball python (D:3)
  2 frilled lizards
  A jackal zombie (D:5)
  7 kobolds
  A quokka skeleton (D:6)
  5 rats
143 creatures vanquished.

Vanquished Creatures (collateral kills)
  A phantom (D:8)
  A centaur (D:5)
  A worker ant (D:5)
  A gnoll (D:3)
  An adder (D:5)
  4 orcs
  A giant cockroach (D:7)
  A goblin (D:1)
  A rat (D:1)
12 creatures vanquished.

Grand Total: 155 creatures vanquished

Notes
Turn   | Place    | Note
-------+----------+-------------------------------------------
     0 | D:1      | Gumption the Deep Dwarf Necromancer began the quest for the
                  | Orb.
     0 | D:1      | Reached XP level 1. HP: 15/15 MP: 3/3
     2 | D:1      | Learned a level 1 spell: Animate Skeleton
   318 | D:1      | Reached XP level 2. HP: 14/22 MP: 1/4
  1180 | D:1      | Reached XP level 3. HP: 14/28 MP: 6/6
  1209 | D:1      | Learned a level 3 spell: Vampiric Draining
  2188 | D:2      | Reached skill level 5 in Necromancy
  2573 | D:3      | Reached XP level 4. HP: 36/36 MP: 7/7
  2618 | D:3      | You fall into a shaft and drop 2 floors!
  2618 | D:5      | Entered Level 5 of the Dungeon
  2710 | D:5      | Got a faintly glowing granite ring
  2741 | D:5      | Reached XP level 5. HP: 31/42 MP: 8/8
  2777 | D:5      | Found a burning altar of Makhleb.
  2777 | D:5      | Noticed a blizzard demon
  2781 | D:5      | Noticed a hellwing
  2781 | D:5      | Noticed a ynoxinul
  2783 | D:5      | Became a worshipper of Makhleb the Destroyer
  3112 | D:3      | Found a glowing silver altar of Zin.
  4000 | D:4      | Identified the ring "Jant" {+Fly rC- rN++ rCorr SInv} (You
                  | found it on level 5 of the Dungeon)
  4025 | D:4      | Reached skill level 6 in Necromancy
  4252 | D:4      | Reached skill level 1 in Invocations
  4252 | D:4      | Reached XP level 6. HP: 34/49 MP: 0/10
  4267 | D:4      | Learned a level 4 spell: Animate Dead
  4507 | D:4      | Noticed Natasha
  4519 | D:4      | Killed Natasha
  4720 | D:4      | Noticed Natasha
  4730 | D:4      | Killed Natasha
  4944 | D:4      | Noticed Natasha
  4957 | D:4      | Killed Natasha
  5177 | D:5      | Found a sacrificial altar of Ru.
  5268 | D:5      | Reached skill level 1 in Evocations
  5483 | D:5      | Reached skill level 1 in Staves
  5483 | D:5      | Reached XP level 7. HP: 49/55 MP: 1/11
  5779 | D:6      | Found an opulent altar of Gozag.
  6051 | D:6      | Reached skill level 7 in Necromancy
  6138 | D:6      | Found a staircase to the Ecumenical Temple.
  6173 | D:6      | Reached * piety under Makhleb
  6193 | Temple   | Entered the Ecumenical Temple
  6403 | D:6      | Noticed Edmund
  6422 | D:6      | Killed Edmund
  6455 | D:6      | Reached XP level 8. HP: 22/62 MP: 1/13
  6552 | D:6      | Found a hazy altar of Hepliaklqana.
  7146 | D:6      | Reached skill level 5 in Dodging
  7400 | D:6      | Found an iron altar of Okawaru.
  7488 | D:7      | Reached skill level 1 in Armour
  7488 | D:7      | Reached skill level 8 in Necromancy
  7559 | D:7      | Got an encrusted hand axe
  7658 | D:6      | Found a bloodstained altar of Trog.
  8335 | D:7      | Found a radiant altar of Vehumet.
  8485 | D:7      | Gained mutation: You passively map the area around you.
                  | [Deep Dwarf growth]
  8485 | D:7      | Reached XP level 9. HP: 61/68 MP: 15/15
  8543 | D:7      | Reached ** piety under Makhleb
  8552 | D:7      | Reached skill level 5 in Invocations
  9343 | D:7      | Reached skill level 5 in Evocations
  9583 | D:7      | Reached skill level 9 in Necromancy
 10100 | D:8      | HP: 3/68 [orc warrior/+0 trident of freezing (7)]
 10100 | D:8      | HP: 1/68 [orc wizard/+0 dagger (2)]
 10102 | D:8      | Killed from afar by an orc wizard

Levels and vault maps discovered:
D:1:      saegor_arrival_simple_a, layout_rooms, minmay_misc_feat_tiny
D:2:      layout_loops_ring
D:3:      layout_basic, lemuel_coloured_pillars_altar
D:4:      layout_gridville, first_ration, uniq_natasha
D:5:      layout_gridville, nicolae_ru_path_of_blood, makhleb_altar_promises_db
D:6:      layout_basic, lemuel_round_altar, bloody_trog,
          kennysheep_okawaru_gauntlet, minmay_temple_entry_grid, basic_altar,
          kennysheep_generic_room_14, uniq_edmund
D:7:      minmay_evil_eye, layout_loops_corners, vehumet_altar_wand_db,
          the_bakery
D:8:      layout_basic, tgw_sif
Temple:   dshaligram_water_room_temple

Skill      XL: |  1  2  3  4  5  6  7  8  9 |
---------------+----------------------------+-----
Spellcasting   | 2 3 4 |  4.7
Stealth        | 3 4 |  4.1
Necromancy     | 5 6 7 8 9 |  9.0
Dodging        | 3 4 5 |  5.0
Invocations    | 1 2 3 4 5 |  5.9
Evocations     | 1 2 4 5 |  5.6
Staves         | 1 2 3 |  3.8
Armour         | 2 3 |  3.3

Action                   |  1- 3 |  4- 6 |  7- 9 || total
-------------------------+-------+-------+-------++-------
Melee: Whip              |    62 |    88 |    11 ||   161
       Unarmed           |     1 |       |       ||     1
       Falchion          |       |     1 |    38 ||    39
       Staff             |       |    26 |   310 ||   336
       Glaive            |       |       |    14 ||    14
Throw: Boomerang         |       |    14 |    20 ||    34
 Cast: Pain              |    17 |     3 |     4 ||    24
       Animate Skeleton  |    11 |     9 |    14 ||    34
       Vampiric Draining |    13 |    31 |    86 ||   130
 Abil: Heal Wounds       |     1 |     2 |     3 ||     6
Evoke: Wand              |       |       |     2 ||     2
  Use: Scroll            |       |     6 |     6 ||    12
 Stab: Sleeping          |     1 |       |       ||     1
       Distracted        |       |     1 |     1 ||     2
  Eat: Chunk             |     6 |    11 |    24 ||    41
       Ration            |       |     1 |     2 ||     3
Armor: Robe              |     4 |       |       ||     4
       Ring mail         |    16 |    30 |   147 ||   193
Dodge: Dodged            |    61 |    85 |   354 ||   500
       Rpst.: Falchion   |       |       |     6 ||     6
